 Dungeon Crawl Stone Soup version 0.18-a0-1036-g7ac1859 (webtiles) character file.

462 Jmtri7 the Covered (level 6, 0/55 HPs)
             Began as a Deep Dwarf Fighter on Jan 9, 2016.
             Slain by Pikel
             ... wielding a +1 whip of electrocution
              (11 damage)
             ... on level 4 of the Dungeon on Jan 10, 2016.
             The game lasted 00:20:10 (3748 turns).

Jmtri7 the Covered (Deep Dwarf Fighter)             Turns: 3748, Time: 00:20:10

Health: 0/55       AC: 15    Str: 21    XL:     6   Next: 79%
Magic:  5/5        EV:  6    Int: 12    God:
Gold:   197        SH: 10    Dex: 12    Spells: 0 memorised, 5 levels left

rFire  . . .     SeeInvis .     s - +3 spear
rCold  . . .     Gourm    .     q - +0 chain mail
rNeg   . . .     Faith    .     c - +0 shield
rPois  .         Spirit   .     n - +0 helmet
rElec  .         Dismiss  +     g - +1 cloak
rCorr  +         Reflect  .     (no gloves)
SustAt .         Harm     .     A - +0 pair of boots
MR     .....                    m - amulet of dismissal
Stlth  ..........               y - +3 ring of intelligence
                                k - ring of resist corrosion

@: non-regenerating, not resistant to hostile enchantments, extremely unstealthy
A: damage resistance, recharge devices, sense surroundings 1, slow regeneration
3
a: Device Recharging


You were on level 4 of the Dungeon.
You were not hungry.

You visited 1 branch of the dungeon, and saw 4 of its levels.

You collected 197 gold pieces.

Inventory:

Hand Weapons
 a - a +0 war axe
 s - a +3 spear (weapon)
Armour
 c - a +0 shield (worn)
 g - a +1 cloak (worn)
 n - a +0 helmet (worn)
 q - a +0 chain mail (worn)
 A - a +0 pair of boots (worn)
Magical Staves
 t - an uncursed staff of cold
Jewellery
 k - a ring of resist corrosion (left hand)
 m - an amulet of dismissal (around neck)
 y - a +3 ring of intelligence (right hand)
Wands
 e - a wand of heal wounds (4/9)
 B - a wand of flame (29/48)
Scrolls
 h - a scroll of recharging {unknown}
 i - 2 scrolls of teleportation {unknown}
 l - a scroll of fear {unknown}
 o - 2 scrolls of remove curse {unknown}
 p - a scroll of amnesia {unknown}
 v - a scroll of identify {unknown}
 x - a scroll of blinking {unknown}
Potions
 b - 2 potions of curing {unknown}
 d - 3 potions of might
 j - 2 potions of heal wounds {unknown}
 u - a potion of flight {unknown}
 z - a potion of invisibility {unknown}
Comestibles
 f - 4 bread rations
 r - 2 meat rations
 w - 3 fruits
 C - 8 chunks of flesh


   Skills:
 - Level 2.6 Fighting
 - Level 2.1 Axes
 + Level 6.6 Armour
 + Level 6.2 Shields


You had 5 spell levels left.
You didn't know any spells.

Dungeon Overview and Level Annotations

Branches:
Dungeon (4/15)
 Temple: D:4-7

Altars:
Cheibriados
Dithmenos
Makhleb
Vehumet
Xom

Annotations:
D:4 Pikel


Innate Abilities, Weirdness & Mutations

You are resistant to damage.
You can recharge devices by infusing magical energy.
You passively map a small area around you.
You do not regenerate naturally.


Message History

You hit the giant cockroach.
You kill the giant cockroach!
The slave shouts!
Pikel shouts!
Found a scroll labeled FOORCH NOCLISHROMM.
The slave hits you.
You barely miss Pikel.
Pikel is lightly wounded.
You block Pikel's attack. You block the slave's attack.
Pikel hits you with a whip of electrocution.
You closely miss Pikel.
Pikel is lightly wounded.
The slave closely misses you. Pikel hits you but does no damage.
You are electrocuted!
* * * LOW HITPOINT WARNING * * *
You block the slave's attack.
You hit Pikel.
Pikel is lightly wounded.
Pikel hits you but does no damage.
You are electrocuted!
You die...

........# ,, ** ##.####
###.##### #.......# #.# #
#.# #...#...## #. # #.#
#........# + # ###.#
#.#._.#..# .#* # ....#
##........###, .#* # .####
#....#......? . ,,.#####
..########......K.##.... ,
,.#...
...............p@..'....,,
, '.##
..#########......###....,,
,,#.# .## #..#.#.# *, . ,
#.## ..# #..###.# ,,,*
#.). #.# #..###.# , ###.
#.# #...##.# + * #. #.#
#.#.##.# #.# #. #.#
#......# #.# #. #.#
###.#### ##.## #.


You could see Pikel and a slave.

Vanquished Creatures
  3 slaves (D:4)
  An ogre (D:4)
  A scorpion (D:4)
  A crimson imp (D:4)
  An orc wizard (D:4)
  3 orc priests (D:4)
  A worker ant (D:4)
  6 adders
  A gnoll (D:1)
  2 worms
  2 giant geckos (D:3)
  4 orcs (D:4)
  2 ball pythons
  9 bats
  5 giant cockroaches
  4 goblins
  8 hobgoblins
  4 jackals (D:1)
  6 giant newts
  8 kobolds
  18 rats
  A plant (D:4)
91 creatures vanquished.

Notes
Turn   | Place    | Note
--------------------------------------------------------------
     0 | D:1      | Jmtri7 the Deep Dwarf Fighter began the quest for the Orb.
     0 | D:1      | Reached XP level 1. HP: 20/20 MP: 1/1
    30 | D:1      | Reached XP level 2. HP: 14/27 MP: 2/2
   275 | D:1      | Reached skill level 4 in Armour
   350 | D:1      | Reached XP level 3. HP: 30/33 MP: 3/3
  1116 | D:2      | Found a faded altar to an unknown god.
  1308 | D:2      | Found a burning altar of Makhleb.
  1527 | D:2      | Reached XP level 4. HP: 30/40 MP: 4/4
  2074 | D:3      | Reached skill level 5 in Armour
  2972 | D:4      | Reached skill level 5 in Shields
  2972 | D:4      | Reached XP level 5. HP: 23/46 MP: 5/5
  3065 | D:4      | Found a radiant altar of Vehumet.
  3117 | D:4      | Noticed an ogre
  3126 | D:4      | Killed an ogre
  3126 | D:4      | Reached skill level 6 in Armour
  3126 | D:4      | Reached XP level 6. HP: 37/55 MP: 6/6
  3357 | D:4      | Found a shadowy altar of Dithmenos.
  3360 | D:4      | Found a snail-covered altar of Cheibriados.
  3361 | D:4      | Found a shimmering altar of Xom.
  3505 | D:4      | Noticed a slave
  3506 | D:4      | Noticed Pikel
  3506 | D:4      | Noticed a slave
  3506 | D:4      | Noticed a slave
  3506 | D:4      | Noticed a slave
  3540 | D:4      | Killed a slave
  3582 | D:4      | Killed a slave
  3600 | D:4      | Killed a slave
  3748 | D:4      | Slain by Pikel

Vault maps used:
D:1:      roderic_octagonal_star, st_stairs_4
D:2:      nicolae_overflow_hidden_temple, ecumenical_altar_1,
          minmay_misc_feat_secret_circle
D:3:      first_bread
D:4:      vehumet_altar_wand_db, gammafunk_temple_overflow_forgotten,
          minmay_temple_entry_junction2, uniq_pikel, uniq_menkaure, uniq_grinder

Action                   |  1- 3 |  4- 6 || total
-------------------------+-------+-------++-------
Melee: War axe           |   128 |       ||   128
       Spear             |     8 |   357 ||   365
 Abil: Device Recharging |       |     1 ||     1
Evoke: Wand              |     1 |     7 ||     8
  Eat: Chunk             |     2 |     7 ||     9
       Fruit             |       |     1 ||     1
